cohdb
Replays
Latest Replays
All Replays
Popular Replays
Top Player Replays
Match Explorer
How It Works
Community
CoH3 Stats
Reddit
Sign in to upload your games and track your stats! →
Sign in with Steam
Match 45293999
Unlisted
Match 45293999
Overview
Messages
Build Orders
End
Construct Weapon Support Center
M1919 Machine Gun Team
M1919 Machine Gun Team
Bazooka Squad
Mechanized Support Center
M3 Armored Personnel Carrier
M3 Armored Personnel Carrier
M1919 Machine Gun Team
Selects Armored Battlegroup
Selects Veteran Crews
Selects Fast Deploy
M3 Armored Personnel Carrier
Selects Field Repairs
Designate Forward Repair Station
Construct Motor Pool
Selects M8 Scott SPG
M24 Chaffee Light Tank
Construct Barracks
Construct Medical Station
Riflemen Squad
Riflemen Squad
Phoop
LordMaceWick
potatoo
Eclipse
Reiper
Spink
Jufflubagus
Viperrexe
0
0
Comments
sign in to comment!
No comments posted yet!